AoeStats
← Lt.Crabcake

Arabia

504548519Analyzed
2v2 RM · 25d ago on Sep 5, 2026· 27m 38s· 4 players
Game mode
Random Map
Map size
Medium (4 player)
Population
200
Speed
Normal
Resources
Standard
Victory
Conquest
Starting age
Dark Age
Ending age
Imperial Age
RankedLock teamsTeams togetherTeam positionsShared explorationLock speedFull tech treeHidden civsTurbo modeCheats
Victory
Defeat
🇸🇪 Ethiopians · Sweden
863
+15
🇸🇪 Burgundians · Sweden
823
+17
🇺🇸 Goths · United States
894
-18
🇿🇦 Slavs · South Africa
799
-14
Darrow_z_Reaper
emperor boot
7:19 Loom
9:43 Feudal Age
10:49 Double-Bit Axe
15:54 Castle Age
15:03 Horse Collar
18:00 Bloodlines
21:10 Stone Mining
24:02 Wheelbarrow
24:09 Bow Saw
24:34 Forging
24:29 Gold Mining
28:19 Hand Cart
Hugh Jazzman
9:29 Loom
12:06 Feudal Age
10:29 Double-Bit Axe
10:28 Horse Collar
17:59 Bow Saw
20:10 Castle Age
18:45 Heavy Plow
20:40 Forging
27:14 Cavalier
Lt.Crabcake
8:03 Loom
10:38 Feudal Age
11:17 Double-Bit Axe
20:08 Castle Age
20:01 Fletching
20:13 Padded Archer Armor
19:56 Horse Collar
20:36 Crossbowman
21:21 Squires
21:34 Bodkin Arrow
24:28 Bow Saw
Connection lost

Rejoining the realm…

Still unreachable

The connection could not be restored.

Session expired

The server has moved on; the page needs a fresh start.